 Dungeon Crawl Stone Soup version 0.23-a0-451-g1044d4c (webtiles) character file.

978 wilfster70 the Digger (level 8, -12/42 HPs)
             Began as a Gargoyle Earth Elementalist on Nov 23, 2018.
             Killed from afar by Harold (17 damage)
             ... with a harpoon shot
             ... on level 7 of the Dungeon.
             The game lasted 00:18:26 (6093 turns).

wilfster70 the Digger (Gargoyle Earth Elementalist) Turns: 6093, Time: 00:18:27

Health: -12/42     AC:  9    Str: 11    XL:     8   Next: 17%
Magic:  11/14      EV: 12    Int: 19    God:
Gold:   227        SH:  4    Dex: 10    Spells: 7/16 levels left

rFire    . . .     SeeInvis .   a - +0 spear
rCold    . . .     Gourm    .   e - +0 buckler
rNeg     + . .     Faith    .   c - +0 robe
rPois    ∞         Spirit   .   (no helmet)
rElec    +         Reflect  .   (no cloak)
rCorr    .         Harm     .   (no gloves)
MR       .....                  t - +1 pair of boots
Stlth    ++........             (no amulet)
HPRegen  0.14/turn              h - ring of wizardry
MPRegen  0.14/turn              (no ring)

@: vulnerable
A: negative energy resistance 1, electricity resistance, unbreathing,
petrification resistance, rot immunity, AC +5
a: no special abilities


You were on level 7 of the Dungeon.
You were hungry.

You visited 1 branch of the dungeon, and saw 7 of its levels.

You collected 227 gold pieces.

Inventory:

Hand Weapons
 a - a +0 spear (weapon)
 b - a +1 hunting sling
Missiles
 j - 85 stones (quivered)
 p - 123 sling bullets
 r - 6 silver javelins
Armour
 c - a +0 robe (worn)
 e - a +0 buckler (worn)
 t - a +1 pair of boots (worn)
 z - a cursed +0 shield
Jewellery
 h - a ring of wizardry (left hand)
Wands
 o - a wand of random effects (17)
 v - a wand of flame (20)
 x - a wand of polymorph (10)
Scrolls
 f - 3 scrolls of remove curse
 m - 2 scrolls of teleportation
 u - a scroll of enchant weapon
Potions
 g - a potion of ambrosia {unknown}
 i - 2 potions of might {unknown}
 k - a potion of invisibility {unknown}
 l - a potion of mutation {unknown}
 n - a potion of flight {unknown}
 s - 3 potions of curing
Comestibles
 d - 7 rations
 q - a chunk of flesh


   Skills:
 + Level 0.7 Fighting
 - Level 1.5 Dodging
 - Level 2.1 Stealth
 - Level 4.3 Shields
 + Level 4.5 Spellcasting
 * Level 5.6 Conjurations
   Level 0.7 Transmutations
 - Level 6.0 Earth Magic


You had 7 spell levels left.
You knew the following spells:

 Your Spells              Type           Power        Failure   Level  Hunger
a - Sandblast             Erth           ####..       1%          1    None
b - Stone Arrow           Conj/Erth      ####..       1%          3    ###....
c - Lee's Rapid Deconstr  Erth           ####......   12%         5    ######.

Your spell library contained the following spells:

 Spells                   Type           Power        Failure   Level  Hunger
 Passwall                 Tmut/Erth      ###.....     1%          2    #......
 Petrify                  Tmut/Erth      ###.....     13%         4    ####...


Dungeon Overview and Level Annotations

Branches:
Dungeon (7/15)
 Temple: D:4-7

Altars:
Fedhas
Kikubaaqudgha
Qazlal
Sif Muna

Annotations:
D:7 Harold


Innate Abilities, Weirdness & Mutations

You are resistant to torment.
Your stone body is resilient. (AC +5)
You are immune to poison.
You resist negative energy. (rN+)
You are resistant to electric shocks. (rElec)
You can survive without breathing.
You are immune to petrification.
You are immune to rotting.


Message History

Press: ? - help, Shift-Dir - straight line, f/p - Harold
Aim: Harold, wielding a +2 trident of freezing and wearing a +0 scale mail The blast of sand hits Harold.
Harold is heavily wounded.
j - 85 stones Harold hits you with a +2 trident of freezing!!
* * * LOW HITPOINT WARNING * * *
Harold freezes you.
* * * LOW HITPOINT WARNING * * *
You feel better.
Harold hits you with a +2 trident of freezing.
* * * LOW HITPOINT WARNING * * *
Harold freezes you.
* * * LOW HITPOINT WARNING * * *
Okay, then.
Harold hits you but does no damage. The hound skeleton closely misses you.
Harold casts a spell at you. The harpoon shot hits you!
You die...

[.... #........ #..
....#####........
#####.. #.......(......
#......
#.....@####+######......
#......# #.......'......
#......# #.......#......
#......# #.......#......
#......###.......#......
#......@.........#......
#................#......
#................#......
#.............####......
#..........^..# #......
#.............# ####...
#............!# ###.
############### #. ##


You could see Harold.

Vanquished Creatures
  3 ice beasts
  An ogre (D:6)
  A centaur (D:3)
  2 bullfrogs (D:6)
  A crimson imp (D:7)
  2 iguanas
  Natasha (thrice) (D:2)
  An orc wizard (D:5)
  3 worker ants
  6 adders
  A shadow imp (D:5)
  An ooze (D:2)
  An adder skeleton (D:5)
  3 worms
  2 dart slugs
  2 leopard geckos
  5 orcs
  3 giant cockroaches
  4 goblins
  7 hobgoblins
  8 jackals
  2 quokkas
  2 ball pythons
  8 bats
  2 frilled lizards (D:3)
  4 kobolds
  A leopard gecko skeleton (D:6)
  A quokka skeleton (D:6)
  5 rats
85 creatures vanquished.

Notes
Turn   | Place    | Note
-------+----------+-------------------------------------------
     0 | D:1      | wilfster70 the Gargoyle Earth Elementalist began the quest
                  | for the Orb.
     0 | D:1      | Reached XP level 1. HP: 10/10 MP: 3/3
   288 | D:1      | Reached XP level 2. HP: 11/15 MP: 3/5
   424 | D:1      | Reached skill level 1 in Shields
   702 | D:1      | Reached skill level 4 in Earth Magic
  1314 | D:2      | Reached XP level 3. HP: 18/19 MP: 3/6
  1331 | D:2      | Learned a level 3 spell: Stone Arrow
  1873 | D:2      | Reached XP level 4. HP: 23/24 MP: 6/8
  1958 | D:2      | Reached skill level 1 in Conjurations
  2204 | D:2      | Noticed Natasha
  2208 | D:2      | Killed Natasha
  2328 | D:2      | Noticed Natasha
  2333 | D:2      | Killed Natasha
  2333 | D:2      | Reached XP level 5. HP: 28/28 MP: 4/9
  2898 | D:2      | Noticed Natasha
  2901 | D:2      | Killed Natasha
  3434 | D:3      | Noticed a centaur
  3439 | D:3      | Killed a centaur
  3439 | D:3      | Reached skill level 5 in Earth Magic
  3439 | D:3      | Reached XP level 6. HP: 32/32 MP: 0/10
  3788 | D:5      | Entered Level 5 of the Dungeon
  3810 | D:5      | Noticed an ice beast
  3927 | D:4      | Killed an ice beast
  4220 | D:5      | Reached XP level 7. HP: 31/36 MP: 4/12
  5196 | D:5      | Found a stormy altar of Qazlal.
  5422 | D:6      | Reached skill level 6 in Earth Magic
  5506 | D:6      | Found a blossoming altar of Fedhas.
  5507 | D:6      | Found a deep blue altar of Sif Muna.
  5507 | D:6      | Found an ancient bone altar of Kikubaaqudgha.
  5527 | D:6      | Reached skill level 5 in Conjurations
  5534 | D:6      | Reached XP level 8. HP: 26/41 MP: 8/14
  6066 | D:7      | Learned a level 5 spell: Lee's Rapid Deconstruction
  6078 | D:7      | Noticed Harold
  6093 | D:7      | Killed from afar by Harold

Vault maps used:
D:1:      matt_arrival_refuge
D:2:      uniq_natasha
D:3:      first_ration, minmay_statues_item, minmay_misc_feat_hallway,
          minivault_25, minmay_misc_feat_ornament
D:4:      kennysheep_nondescript
D:5:      grunt_qazlal_clouds
D:6:      chequers_temple_overflow_statue_of_worship, kennysheep_potato
D:7:      temple_hall, uniq_duvessa, uniq_harold

Skill      XL: |  1  2  3  4  5  6  7 |
---------------+----------------------+-----
Shields        | 1 2 3 4 |  4.3
Earth Magic    | 4 5 6 |  6.0
Conjurations   | 1 2 3 5 |  5.6
Spellcasting   | 3 4 |  4.5
Fighting       | |  0.7
Dodging        | |  1.5
Stealth        | |  2.1
Transmutations | |  0.7

Action                   |  1- 3 |  4- 6 |  7- 9 || total
-------------------------+-------+-------+-------++-------
Melee: Spear             |    71 |   133 |    76 ||   280
       Dagger            |     2 |       |       ||     2
 Cast: Sandblast         |    17 |    26 |    31 ||    74
       Stone Arrow       |       |     7 |     7 ||    14
  Use: Scroll            |       |     7 |     5 ||    12
       Potion            |       |       |     2 ||     2
 Stab: Sleeping          |     2 |     2 |       ||     4
  Eat: Chunk             |     3 |     8 |     3 ||    14
       Ration            |       |       |     1 ||     1
Armor: Robe              |    21 |    51 |    35 ||   107
Dodge: Dodged            |    57 |    95 |    78 ||   230
Block: Buckler           |       |    14 |    12 ||    26

Table legend:
 A = Non-vault XP
 B = Vault XP
 C = Vault XP percentage of total XP
 D = Non-vault monster count
 E = Vault monster count
 F = Vault count percentage of total count
                 A         B        C        D         E       F
            +---------+---------+-------+---------+---------+-------
      Total |    1363 |      35 |   2.5 |      84 |       1 |   1.2
            +---------+---------+-------+---------+---------+-------
        D:1 |      26 |       0 |   0.0 |      14 |       0 |   0.0
        D:2 |     140 |      35 |  20.0 |      19 |       1 |   5.0
        D:3 |     163 |       0 |   0.0 |      17 |       0 |   0.0
        D:4 |     182 |       0 |   0.0 |       3 |       0 |   0.0
        D:5 |     426 |       0 |   0.0 |      16 |       0 |   0.0
        D:6 |     307 |       0 |   0.0 |       9 |       0 |   0.0
        D:7 |     119 |       0 |   0.0 |       6 |       0 |   0.0
            +---------+---------+-------+---------+---------+-------
